 Dungeon Crawl Stone Soup version 0.28.0 (webtiles) character file.

Game seed: 10699408263656459315

2 Ayyar the Sneak (level 1, 0/16 HPs)
             Began as a Demigod Wanderer on Apr 14, 2022.
             Succumbed to a goblin's poison
             ... on level 1 of the Dungeon.
             The game lasted 00:00:50 (36 turns).

Ayyar the Sneak (Demigod Wanderer)                    Turns: 36, Time: 00:00:50

Health: 0/16       AC:  4    Str: 16    XL:     1   Next: 26%
Magic:  3/3        EV: 11    Int: 13    God:
Gold:   13         SH:  0    Dex: 11    Spells: 0/0 levels left

rFire   . . .      SeeInvis .   a - +0 hand axe
rCold   . . .      Faith    .   (no shield)
rNeg    . . .      Spirit   .   d - +0 leather armour
rPois   .          Reflect  .   (no helmet)
rElec   .          Harm     .   c - +0 cloak
rCorr   .          Rampage  .   (no gloves)
Will    .....                   (no boots)
Stlth   ++........              (no amulet)
HPRegen 0.05/turn               (no ring)
MPRegen 0.08/turn               (no ring)

@: lethally poisoned (0 -> -2)
A: high MP 1, forlorn, divine attributes
a: no special abilities


You were on level 1 of the Dungeon.
You visited 1 branch of the dungeon, and saw 1 of its levels.

You collected 13 gold pieces.

Inventory:

Hand Weapons
 a - a +0 hand axe (weapon)
Armour
 c - a +0 cloak (worn)
 d - a +0 leather armour (worn)
Wands
 b - a wand of charming (16) (quivered)


   Skills:
 + Level 1.0 Fighting
 * Level 1.9 Axes
 + Level 3.6 Stealth
 + Level 2.7 Evocations


You couldn't memorise any spells.
You didn't know any spells.
Your spell library was empty.

Dungeon Overview and Level Annotations

Branches:
Dungeon (1/15)


Innate Abilities, Weirdness & Mutations

You have an increased reservoir of magic. (+10% MP)
You shall have no god before yourself.
Your divine heritage dramatically boosts your attributes as you level up.


Message History

You hit the giant cockroach.
The giant cockroach is heavily wounded.
The giant cockroach completely misses you.
The giant cockroach bites you but does no damage.
You hit the giant cockroach.
You kill the giant cockroach!
Found a mace.
You now have 13 gold pieces (gained 2).
A goblin comes into view. It is wielding a +1 dagger of venom.
The goblin shouts!
The goblin moves out of view.
Found a stone staircase leading down.
A kobold comes into view. It is wielding a +0 dagger.
A ball python comes into view.
The goblin hits you with a +1 dagger of venom.
You are poisoned.
You closely miss the goblin.
You feel sick. The goblin hits you but does no damage.
You are more poisoned.
The kobold shouts!
The ball python hisses angrily.
You hit the goblin.
You kill the goblin!
You feel very sick.
Found 14 gold pieces.
You feel sick.
The ball python bites you but does no damage.
The ball python barely misses you.
You are too injured to fight recklessly!
You are too injured to fight recklessly!
You are too injured to fight recklessly!
You hit the ball python.
You kill the ball python!
You feel sick. The kobold hits you with a +0 dagger.
* * * LOW HITPOINT WARNING * * *
You closely miss the kobold.
* * * LOW HITPOINT WARNING * * *
You feel sick. The kobold hits you but does no damage.
You closely miss the kobold.
* * * LOW HITPOINT WARNING * * *
You feel sick. The kobold hits you but does no damage.
You die...

#######......
#######............
#####.................#
...........†.......####
..).............####
............#####
#####...#### #..##
#@##### #.)...#
.......K.....#
..............#
...$..........#
..............#
.....>........#
..............#
..............#


You could see a kobold.

Vanquished Creatures
  A giant cockroach (D:1)
  A ball python (D:1)
  A goblin (D:1)
3 creatures vanquished.

Notes
Turn   | Place    | Note
-------+----------+-------------------------------------------
     0 | D:1      | Ayyar the Demigod Wanderer began the quest for the Orb.
     0 | D:1      | Ayyar set off with the following items: a +0 hand axe, a
                  | wand of charming (16), a +0 cloak, a +0 leather armour
     0 | D:1      | Reached XP level 1. HP: 16/16 MP: 3/3
    36 | D:1      | Succumbed to a goblin's poison

Illustrated notes

Levels and vault maps discovered:
D:1:      eino_arrival_cavern_c, layout_rooms, serial_forest,
          infiniplex_forest_end_2, infiniplex_forest_end_1,
          infiniplex_forest_side_room, infiniplex_forest_end_1,
          infiniplex_forest_clump_small, infiniplex_forest_clump_cross,
          infiniplex_forest_clump_diagonal, infiniplex_forest_fountain

Action                   || total
-------------------------++-------
Melee: Hand axe          ||     8
Armor: Leather armour    ||     6
Dodge: Dodged            ||     3
